 Dungeon Crawl Stone Soup version 0.31-a0-844-gdc52ec4e09 (webtiles) character file.

Game seed: 6380686622084755219

180 pop123321pop the Cudgeller (level 5, -14/45 HPs)
             Began as a Minotaur Berserker on Sept 30, 2023.
             Was a Priest of Trog.
             Killed by divine providence
             ... invoked by an orc priest
              (15 damage)
             ... on level 3 of the Dungeon.
             The game lasted 00:02:05 (2157 turns).

pop123321pop the Cudgeller (Minotaur Berserker)     Turns: 2157, Time: 00:02:06

Health: -14/45     AC:  8    Str: 18 (21) XL:     5   Next: 33%
Magic:  4/4        EV:  8    Int:  1 (4)  God:    Trog [***...]
Gold:   174        SH:  0    Dex: 10 (12) Spells: 4/4 levels left

rFire   . . .        m - +2 whip (elec)
rCold   . . .        (no shield)
rNeg    . . .        a - +0 chain mail
rPois   .            (helmet restricted)
rElec   .            (no cloak)
rCorr   .            (no gloves)
SInv    .            (no boots)
Will    .....        (no amulet) Stlth
                     (no ring)
HPRegen 0.27/turn    (no ring)
MPRegen 0.09/turn

%: no passive effects
@: attractive
A: horns 2, retaliatory headbutt
a: Renounce Religion, Berserk, Trog's Hand


You were on level 3 of the Dungeon.
You worshipped Trog.
Trog was most pleased with you.
You visited 1 branch of the dungeon, and saw 3 of its levels.

You collected 174 gold pieces.

Inventory:

Hand Weapons
 m - a +2 whip of electrocution (weapon)
Armour
 a - a +0 chain mail (worn)
Jewellery
 c - an amulet of the acrobat
 g - an amulet of guardian spirit
 i - an amulet of magic regeneration
Wands
 b - a wand of mindburst (16)
 n - a wand of flame (1)
Scrolls
 d - 2 scrolls of identify {unknown}
 e - 2 scrolls of butterflies {unknown}
 h - a scroll of teleportation {unknown}
 j - a scroll of blinking {unknown}


   Skills:
 - Level 3.6 Fighting
 + Level 7.4 Maces & Flails
 - Level 2.4 Armour
 - Level 2.1 Dodging


You had 4 spell levels left.
You didn't know any spells.
Your spell library was empty.

Dungeon Overview and Level Annotations

Branches:
Dungeon (3/15)

Altars:
Makhleb
Vehumet

Shops:
D:1 *


Innate Abilities, Weirdness & Mutations

You have a pair of horns on your head.
You reflexively headbutt those who attack you in melee.


Message History

You kill the adder!
Trog accepts your kill. The hobgoblin is attracted toward you.
The ball python is attracted toward you.
You hit the worm.
The worm is moderately wounded.
The orc priest calls down the wrath of Beogh upon you.
Beogh smites you!
* * * LOW HITPOINT WARNING * * *
You whack the worm! Lightning courses through the worm!
You kill the worm!
Trog accepts your kill. The hobgoblin is attracted toward you.
The ball python is attracted toward you.
The orc priest is attracted toward you.
You hit the hobgoblin.
You kill the hobgoblin!
Trog accepts your kill. The orc priest is attracted toward you.
You closely miss the ball python. Your headbutt misses the ball python.
The ball python bites you.
* * * LOW HITPOINT WARNING * * *
The ball python completely misses you.
You whack the ball python!
Lightning courses through the ball python!
You kill the ball python!
Trog accepts your kill. The quokka is attracted toward you.
You hit the orc priest.
The orc priest is lightly wounded.
The orc priest hits you with a +0 club.
* * * LOW HITPOINT WARNING * * *
Something is attracted toward you.
You closely miss the orc priest. Your headbutt misses the orc priest.
The orc priest is lightly wounded.
You hit the orc priest.
The orc priest is heavily wounded.
The orc priest mumbles some strange prayers to Beogh against you.
Beogh smites you!
You die...

#.....S#.#
.........'..).)..
..#.....#.#
.....##.##....###
........g#.# ...
#.##....###
........Jw.####
#.##....##.
.........##..ยง#
#.########.
.........##.#{#
#.# #.
....$....##.#r#
#.# #.
####+######.#o#
#.# ######. #.#@#
#.# #...... #.#.#
#.# #.##### ..#.#
#.###.###.# ###.#
#<..#...... #.#
#.#.####### #.#
#.#.......) #.#
#.######### #.#
#.# #.######.#


You could see an orc priest and a quokka.

Vanquished Creatures
  A crimson imp (D:3)
  An orc priest (D:3)
  Ijyb (D:3)
  2 adders
  2 worms
  4 dart slugs
  2 orcs (D:3)
  4 endoplasms (D:1)
  5 giant cockroaches
  5 goblins
  7 hobgoblins
  3 jackals (D:1)
  A quokka (D:1)
  8 ball pythons
  3 bats
  2 frilled lizards
  5 kobolds
  5 rats
61 creatures vanquished.

Notes
Turn   | Place    | Note
-------+----------+-------------------------------------------
     0 | D:1      | pop123321pop the Minotaur Berserker began the quest for the
                  | Orb.
     0 | D:1      | Reached XP level 1. HP: 19/19 MP: 0/0
    60 | D:1      | Reached skill level 4 in Maces & Flails
   231 | D:1      | Reached XP level 2. HP: 26/26 MP: 1/1
   352 | D:1      | Reached ** piety under Trog
   461 | D:1      | Reached skill level 5 in Maces & Flails
   475 | D:1      | Reached XP level 3. HP: 12/31 MP: 2/2
   735 | D:1      | Found Havaymn's Assorted Antiques.
  1666 | D:2      | Reached skill level 6 in Maces & Flails
  1666 | D:2      | Reached XP level 4. HP: 39/39 MP: 3/3
  1904 | D:3      | Noticed Ijyb
  1912 | D:3      | Killed Ijyb
  1940 | D:3      | Found a burning altar of Makhleb.
  1940 | D:3      | Found a radiant altar of Vehumet.
  2149 | D:3      | Reached skill level 7 in Maces & Flails
  2149 | D:3      | Reached XP level 5. HP: 18/45 MP: 4/4
  2151 | D:3      | Reached *** piety under Trog
  2155 | D:3      | HP: 1/45 [orc priest/+0 club (4)]
  2157 | D:3      | Killed from afar by an orc priest

Illustrated notes

Levels and vault maps discovered:
D:1:      lightli_arrival_noodles, layout_rooms, serial_shops,
          nicolae_shop_overgrown_old_shop, st_stairs_5,
          minmay_misc_feat_four_crosses, serial_bayou_pond_b
D:2:      minmay_door_path, layout_basic, serial_glass, glass_columns_b,
          glass_columns_b, glass_columns_a, glass_columns_c,
          kennysheep_another_room
D:3:      layout_basic, grunt_temple_overflow_lords_of_destruction,
          minmay_fractal_squares_diagonal_5, uniq_ijyb

Skill      XL: |  1  2  3  4 |
---------------+-------------+-----
Maces & Flails | 4 5 6 7 |  7.4
Fighting       | |  3.6
Armour         | |  2.4
Dodging        | |  2.1

Action                     |  1- 3 |  4- 6 || total
---------------------------+-------+-------++-------
  Melee: Mace              |    92 |       ||    92
         Headbutt          |    10 |     4 ||    14
         Whip              |       |    30 ||    30
         Punch             |       |     1 ||     1
    Use: Potion            |       |     3 ||     3
   Stab: Sleeping          |     2 |       ||     2
 Armour: Animal skin       |    59 |       ||    59
         Chain mail        |       |    15 ||    15
  Dodge: Dodged            |    74 |     8 ||    82

Table legend: (Time is in decaauts)
 A = Elapsed time spent in this place.
 B = Non-inter-level travel time spent in this place.
 C = Inter-level travel time spent in this place.
 D = Time resting spent in this place.
 E = Time spent auto-exploring this place.
 F = Levels seen in this place.
 G = Mean time per level.
                   A        B        C        D        E       F      G
               +--------+--------+--------+--------+--------+-----+--------+
         Total |   2166 |   2033 |    133 |    317 |   1407 |   3 |  722.0 |
       Dungeon |   2166 |   2033 |    133 |    317 |   1407 |   3 |  722.0 |
               +--------+--------+--------+--------+--------+-----+--------+

Top non-repeatable levels by time:
     D:1: 1003 daAuts
     D:2: 902 daAuts
     D:3: 261 daAuts
